 Dungeon Sprint DCSS version 0.19-a0-1920-g83281cb (webtiles) character file.

27609 Naow the Spry (level 13, -10/76 HPs)
             Began as a Spriggan Enchanter on Oct 23, 2016.
             Was the Champion of Dithmenos.
             Mangled by a six-headed hydra (23 damage)
             ... in the Dungeon (Sprint IX: "|||||||||||||||||||||||||||||").
             The game lasted 00:18:02 (5629 turns).

Naow the Spry (Spriggan Enchanter)                  Turns: 5629, Time: 00:18:03

Health: -10/76     AC:  6    Str:  9    XL:     13   Next: 5%
Magic:  14/30      EV: 36    Int: 20    God:    Dithmenos [******]
Gold:   1737       SH:  0    Dex: 19    Spells: 5 memorised, 25 levels left

rFire  . . .     SeeInvis +     B - +2 short sword (drain)
rCold  . . .     Gourm    .     b - +1 robe
rNeg   . . .     Faith    .     (shield restricted)
rPois  .         Spirit   .     (helmet restricted)
rElec  .         Reflect  .     y - +2 cloak
rCorr  .         Harm     .     (gloves unavailable)
MR     ++...     NoTele   +     (boots unavailable)
Stlth  ++++++++++               (no amulet)
                                p - +3 ring of strength
                                o - +3 ring of intelligence

@: wreathed by umbra, very quick
A: unfitting armour, see invisible, herbivore 3, speed 3, slow metabolism 2
a: Shadow Step, Shadow Form, Renounce Religion


You were in the Dungeon.
You worshipped Dithmenos.
Dithmenos was exalted by your worship.
You were not hungry.

You visited 1 branch You collected 1944 gold pieces.
You spent 207 gold pieces at shops.

Inventory:

Hand Weapons
 a - a +1 dagger
 A - a +0 blowgun
 B - a +2 short sword of draining (weapon)
Missiles
 C - 8 curare-tipped needles
Armour
 b - a +1 robe (worn)
 q - +0 mottled dragon scales
 x - a +0 cloak
 y - a +2 cloak (worn)
 D - the +2 robe of Precision Catastrophes {-Cast *Slow rC+++ SInv}
   (You bought it in a shop in the Dungeon)

   It renders you almost immune to cold.
   It lets you see invisible.
   It prevents spellcasting.
   It may slow you when you take damage.
 I - +1 fire dragon scales
Jewellery
 o - a +3 ring of intelligence (left hand)
 p - a +3 ring of strength (right hand)
 E - an uncursed ring of fire
 F - an uncursed ring of fire
 G - an uncursed ring of ice
 H - an uncursed ring of poison resistance
Wands
 n - a wand of acid (7/15)
 z - a wand of disintegration (8/24)
Scrolls
 j - 2 scrolls of blinking
 l - 5 scrolls of remove curse
 m - 2 scrolls of amnesia
 t - 4 scrolls of enchant weapon
 u - 2 scrolls of recharging
 v - 2 scrolls of fog
 J - a scroll of identify
Potions
 e - 7 potions of curing
 f - 3 potions of heal wounds
 g - 3 potions of haste
 h - 3 potions of magic
 i - a potion of berserk rage
 k - a potion of invisibility
 r - 3 potions of cure mutation
 s - 3 potions of brilliance
Books
 c - a book of Maledictions

   Spells                             Type                      Level
   a - Corona                         Hexes                        1
   b - Ensorcelled Hibernation        Hexes/Ice                    2
   c - Confuse                        Hexes                        3
   d - Tukima's Dance                 Hexes                        3
   e - Dazzling Spray                 Conjuration/Hexes            3
Comestibles
 d - 12 bread rations
 w - 40 fruits


   Skills:
 + Level 12.8 Fighting
 + Level 19.1 Short Blades
 + Level 20.7 Dodging
 - Level 17.3 Stealth
 - Level 12.9 Spellcasting
 - Level 14.2 Hexes
 - Level 3.2 Ice Magic


You had 25 spell levels left.
You knew the following spells:

 Your Spells              Type           Power        Failure   Level  Hunger
a - Corona                Hex            ######.      0%          1    None
b - Ensorcelled Hibernat  Hex/Ice        #####.       1%          2    None
c - Tukima's Dance        Hex            ######..     1%          3    None
d - Confuse               Hex            ######..     1%          3    None
e - Dazzling Spray        Conj/Hex       #####.       1%          3    None


Dungeon Overview and Level Annotations

Branches:
Dungeon (1/1)

Altars:
Cheibriados
Dithmenos
Elyvilon
Fedhas
Gozag
Hepliaklqana
Kikubaaqudgha
Makhleb
Nemelex Xobeh
Okawaru
Qazlal
Ru
Sif Muna
Trog
Uskayaw
Vehumet
Xom
Yredelemnul
Zin
The Shining One
Beogh
Jiyva
Lugonu

Shops:
D **[[


Innate Abilities, Weirdness & Mutations

You are very small and have problems with some larger weapons.
You are too small for most types of armour.
You have supernaturally acute eyesight. (SInv)
You are a herbivore.
You cover ground extremely quickly.
You need consume almost no food.


Message History

Casting: Confuse
Confirm with . or Enter, or press ? or * to list all spells.
Aiming: Ensorcelled Hibernation
Press: ? - help, Shift-Dir - straight line, f - six-headed hydra
Aim: a six-headed hydra (moderately wounded, unusually strong, umbra, chance to defeat MR: 37%)
The six-headed hydra easily resists.
Your shadow mimicks your spell!
The six-headed hydra resists with almost no effort.
Casting: Ensorcelled Hibernation
Confirm with . or Enter, or press ? or * to list all spells.
Aiming: Ensorcelled Hibernation
Press: ? - help, Shift-Dir - straight line, f/p - six-headed hydra
Aim: a six-headed hydra (moderately wounded, unusually strong, umbra, chance to defeat MR: 37%)
The six-headed hydra easily resists.
The six-headed hydra completely misses you. x3
The six-headed hydra bites you!!
* * * LOW HITPOINT WARNING * * *
You emit a cloud of dark smoke.
The six-headed hydra misses you. The six-headed hydra bites you!!
You die...

▓▓▓▓▓▓▓▓▓▓▓▓▓▓▓▓▓▓▓
▓...▓...▓...▓...▓<▓
▓.▓.▓.▓.▓.▓.▓.▓.▓.▓
▓i▓.▓.▓.▓.▓.▓.▓.▓.▓
▓.▓.▓.▓.▓.▓.▓.▓.▓.▓
▓.▓.▓.▓.▓.▓.▓.▓.▓'▓
▓.▓k▓.▓.▓.▓.▓.▓.▓)▓
▓.▓D▓.▓.▓)▓.▓.▓.▓.▓
▓D▓@▓.▓.▓.▓.▓'▓.▓.▓
▓†▓§▓.▓.▓.▓.▓.▓.▓.▓
▓.▓§▓'▓.▓.▓.▓.▓.▓.▓
▓.▓.▓.▓.▓.▓.▓.▓.▓'▓
▓.▓.▓.▓.▓)▓.▓.▓.▓.▓
▓.▓.▓.▓.▓.▓.▓.▓.▓)▓
▓.▓.▓.▓.▓'▓.▓.▓.▓.▓
▓.▓.▓.▓.▓)▓.▓.▓.▓.▓
♣'♣.▓)▓.▓)▓)▓)▓.▓.▓


You could see a six-headed hydra and a swamp drake.

Vanquished Creatures
  A stone giant (D)
  A vampire knight (D)
  An ettin (D)
  A rakshasa (D)
  A deep troll earth mage (D)
  A tengu warrior (D)
  7 death yaks (D)
  5 orc high priests (D)
  Sonja (D)
  An unseen horror (D)
  2 wizards (D)
  A spriggan druid (D)
  A shambling mangrove (D)
  A hill giant (D)
  10 orc knights (D)
  2 ugly things (D)
  A cyclops (D)
  A black mamba (D)
  Maurice (D)
  4 spiny frogs (D)
  A tengu conjurer (D)
  A hornet (D)
  A meliai (D)
  A tyrant leech (D)
  A hippogriff (D)
  2 bog bodies (D)
  Grum (D)
  3 yaks (D)
  A wyvern (D)
  A mottled dragon (D)
  A soldier ant (D)
  3 water moccasins (D)
  2 porcupines (D)
  A swamp drake (D)
  9 orc warriors (D)
  4 wolves (D)
  A centaur (D)
  A crocodile (D)
  5 bullfrogs (D)
  2 crimson imps (D)
  4 orc wizards (D)
  2 hounds (D)
  2 orc priests (D)
  An iguana (D)
  2 adder zombies (D)
  8 orcs (D)
  2 bats (D)
  A bat zombie (D)
  A goblin (D)
  A kobold (D)
  A quokka (D)
  A leopard gecko zombie (D)
  A rat (D)
113 creatures vanquished.

Vanquished Creatures (others)
  A spatial maelstrom (D)
  A hog (D)
2 creatures vanquished.

Grand Total: 115 creatures vanquished

Notes
Turn   | Place    | Note
-------+----------+-------------------------------------------
     0 | D        | Naow the Spriggan Enchanter began the quest for the Orb.
     0 | D        | Reached XP level 1. HP: 9/9 MP: 5/5
    17 | D        | Banished a spatial maelstrom
    18 | D        | Reached skill level 5 in Stealth
    37 | D        | Noticed an iguana
    37 | D        | Noticed a hound
    56 | D        | Reached XP level 2. HP: 13/13 MP: 7/7
    68 | D        | Learned a level 2 spell: Ensorcelled Hibernation
    85 | D        | Reached skill level 5 in Hexes
    87 | D        | Reached skill level 4 in Dodging
    87 | D        | Reached XP level 3. HP: 11/17 MP: 6/9
    89 | D        | Reached XP level 4. HP: 14/21 MP: 4/11
    94 | D        | Learned a level 3 spell: Tukima's Dance
    98 | D        | Learned a level 3 spell: Confuse
   197 | D        | Found a roughly hewn altar of Beogh.
   197 | D        | Found a snail-covered altar of Cheibriados.
   197 | D        | Found a shadowy altar of Dithmenos.
   197 | D        | Found a white marble altar of Elyvilon.
   197 | D        | Found a blossoming altar of Fedhas.
   197 | D        | Found an opulent altar of Gozag.
   198 | D        | Found a hazy altar of Hepliaklqana.
   199 | D        | Found a viscous altar of Jiyva.
   200 | D        | Found an ancient bone altar of Kikubaaqudgha.
   201 | D        | Found a corrupted altar of Lugonu.
   202 | D        | Became a worshipper of Dithmenos the Shadowed
   203 | D        | Found a burning altar of Makhleb.
   204 | D        | Found a sparkling altar of Nemelex Xobeh.
   205 | D        | Found an iron altar of Okawaru.
   206 | D        | Found a stormy altar of Qazlal.
   207 | D        | Found a sacrificial altar of Ru.
   208 | D        | Found a deep blue altar of Sif Muna.
   209 | D        | Found a bloodstained altar of Trog.
   210 | D        | Found a hide-covered altar of Uskayaw.
   211 | D        | Found a radiant altar of Vehumet.
   212 | D        | Found a shimmering altar of Xom.
   213 | D        | Found a basalt altar of Yredelemnul.
   214 | D        | Found a glowing silver altar of Zin.
   215 | D        | Found a glowing golden altar of the Shining One.
   248 | D        | Noticed an unseen horror
   248 | D        | Noticed a hill giant
   248 | D        | Noticed a bullfrog
   257 | D        | Killed an unseen horror
   257 | D        | Reached skill level 8 in Dodging
   257 | D        | Reached XP level 5. HP: 23/27 MP: 0/15
   257 | D        | Reached XP level 6. HP: 28/32 MP: 0/17
   257 | D        | Reached XP level 7. HP: 30/35 MP: 0/18
   390 | D        | Killed a hill giant
   390 | D        | Reached * piety under Dithmenos
   390 | D        | Reached skill level 9 in Dodging
   390 | D        | Reached skill level 10 in Hexes
   390 | D        | Reached XP level 8. HP: 40/40 MP: 15/21
   444 | D        | Reached ** piety under Dithmenos
   460 | D        | Noticed a cyclops
   460 | D        | Noticed a tengu warrior
   460 | D        | Noticed a meliai
   463 | D        | Killed a cyclops
   595 | D        | Killed a tengu warrior
   595 | D        | Reached skill level 10 in Short Blades
   595 | D        | Reached skill level 10 in Spellcasting
   595 | D        | Reached XP level 9. HP: 44/44 MP: 22/24
   600 | D        | Reached *** piety under Dithmenos
   602 | D        | Killed a meliai
   602 | D        | Reached skill level 15 in Stealth
   783 | D        | Noticed a spiny frog
   789 | D        | Reached **** piety under Dithmenos
   797 | D        | Killed a spiny frog
   800 | D        | Reached ***** piety under Dithmenos
   950 | D        | Noticed a black mamba
   950 | D        | Noticed a spiny frog
   953 | D        | Noticed a spiny frog
   960 | D        | Killed a black mamba
   960 | D        | Reached XP level 10. HP: 39/49 MP: 22/27
   964 | D        | Killed a spiny frog
   971 | D        | Reached ****** piety under Dithmenos
   974 | D        | Killed a spiny frog
  1086 | D        | Noticed a death yak
  1086 | D        | Noticed a death yak
  1086 | D        | Noticed a death yak
  1086 | D        | Noticed a death yak
  1086 | D        | Noticed a death yak
  1087 | D        | Noticed a death yak
  1093 | D        | Killed a death yak
  1093 | D        | Reached skill level 10 in Dodging
  1096 | D        | Noticed a death yak
  1415 | D        | Killed a death yak
  1415 | D        | Reached skill level 11 in Dodging
  1653 | D        | Killed a death yak
  1653 | D        | Reached skill level 5 in Fighting
  1656 | D        | Killed a death yak
  1656 | D        | Reached skill level 12 in Dodging
  1840 | D        | Killed a death yak
  1840 | D        | Reached XP level 11. HP: 58/58 MP: 20/28
  2243 | D        | Reached skill level 13 in Dodging
  2925 | D        | Killed a death yak
  2929 | D        | Killed a death yak
  3142 | D        | Noticed Maurice
  3149 | D        | Killed Maurice
  3149 | D        | Reached skill level 15 in Short Blades
  3149 | D        | Reached skill level 14 in Dodging
  3173 | D        | Noticed Grum
  3175 | D        | Noticed Sonja
  3182 | D        | Killed Grum
  3192 | D        | Killed Sonja
  3425 | D        | Noticed an orc knight
  3427 | D        | Killed an orc knight
  3427 | D        | Reached skill level 15 in Dodging
  3428 | D        | Noticed an orc knight
  3440 | D        | Killed an orc knight
  3563 | D        | Found Vuirer's General Store.
  3563 | D        | Noticed an orc knight
  3563 | D        | Noticed an orc high priest
  3563 | D        | Noticed an orc knight
  3563 | D        | Noticed an orc knight
  3563 | D        | Noticed an orc high priest
  3564 | D        | Noticed an orc high priest
  3609 | D        | Killed an orc knight
  3731 | D        | Killed an orc high priest
  3731 | D        | Reached skill level 16 in Dodging
  3798 | D        | Killed an orc knight
  3840 | D        | Killed an orc knight
  3851 | D        | Noticed an orc knight
  3852 | D        | Killed an orc high priest
  3947 | D        | Killed an orc high priest
  3947 | D        | Reached skill level 10 in Fighting
  3947 | D        | Reached skill level 17 in Dodging
  3947 | D        | Reached XP level 12. HP: 59/67 MP: 23/29
  3979 | D        | Found Juha's General Store.
  3981 | D        | Found Ateematz's Antique Armour Emporium.
  3982 | D        | Noticed an orc high priest
  3983 | D        | Found Cicai's Armour Shoppe.
  3984 | D        | Noticed an orc high priest
  3993 | D        | Killed an orc high priest
  3995 | D        | Killed an orc high priest
  4003 | D        | Reached skill level 18 in Dodging
  4013 | D        | Bought an ominously black robe for 171 gold pieces
  4015 | D        | Bought a potion of curing for 36 gold pieces
  4037 | D        | Identified the +2 robe of Precision Catastrophes {-Cast *Slow rC+++ SInv} (You bought it in a shop in the Dungeon)
  4267 | D        | Noticed a rakshasa
  4273 | D        | Noticed a vampire knight
  4274 | D        | Noticed an ettin
  4281 | D        | Noticed a stone giant
  4300 | D        | Killed a vampire knight
  4300 | D        | Reached skill level 19 in Dodging
  4529 | D        | Killed an ettin
  4537 | D        | Killed a stone giant
  5203 | D        | Learned a level 3 spell: Dazzling Spray
  5228 | D        | Killed a rakshasa
  5228 | D        | Reached skill level 20 in Dodging
  5323 | D        | Noticed a deep troll earth mage
  5330 | D        | Killed a deep troll earth mage
  5552 | D        | Noticed a six-headed hydra
  5559 | D        | Reached XP level 13. HP: 76/76 MP: 25/30
  5629 | D        | Mangled by a six-headed hydra

Vault maps used:
D:        linesprint

Skill      XL: |  1  2  3  4  5  6  7  8  9 10 11 12 |
---------------+-------------------------------------+-----
Stealth        | 5 7 11 12 14 16 17 | 17.3
Spellcasting   | 3 4 7 8 10 12 | 12.9
Hexes          | 4 5 6 9 10 12 13 14 | 14.2
Short Blades   | 2 7 9 10 12 14 16 19 | 19.1
Dodging        | 4 8 9 12 17 20 | 20.7
Fighting       | 2 3 6 10 12 | 12.8
Ice Magic      | 2 3 |  3.2

Action                   |  1- 3 |  4- 6 |  7- 9 | 10-12 | 13-15 || total
-------------------------+-------+-------+-------+-------+-------++-------
Melee: Dagger            |    64 |     3 |    41 |    28 |       ||   136
       Short sword       |       |       |       |    89 |    12 ||   101
 Cast: Ensorcelled Hiber |     2 |     4 |    33 |   233 |    17 ||   289
       Confuse           |       |     1 |       |    22 |     5 ||    28
       Tukima's Dance    |       |       |       |     1 |       ||     1
       Dazzling Spray    |       |       |       |     1 |       ||     1
  Use: Potion            |       |       |       |     1 |     2 ||     3
 Stab: Sleeping          |     2 |     1 |    20 |    67 |       ||    90
       Confused          |       |     1 |       |     9 |     3 ||    13
       Distracted        |       |       |       |     4 |       ||     4
       Invisible         |       |       |       |     2 |       ||     2
  Eat: Bread ration      |       |       |       |     1 |       ||     1
Armor: Robe              |     7 |       |     1 |     1 |       ||     9
Dodge: Dodged            |    54 |     5 |    37 |   111 |    19 ||   226
